 Dungeon Crawl Stone Soup version 0.29-a0-362-g5854e031c7 (webtiles) character file.

Game seed: 6927580027125961517

66504 diecastcamel the Grappler (level 14, -21/143 HPs)
             Began as a Troll Fighter on Apr 28, 2022.
             Was the Champion of Makhleb.
             Demolished by a titanic slime creature (92 damage)
             ... on level 12 of the Dungeon on Apr 29, 2022.
             The game lasted 02:54:18 (22764 turns).

diecastcamel the Grappler (Troll Fighter)          Turns: 22764, Time: 02:54:18

Health: -21/143    AC: 11    Str: 27    XL:     14   Next: 79%
Magic:  16/16      EV: 12    Int:  4    God:    Makhleb [******]
Gold:   1166       SH: 16    Dex: 13    Spells: 13/13 levels left

rFire   + . .      SeeInvis .     - Unarmed
rCold   . . .      Faith    .   b - +0 kite shield
rNeg    + . .      Spirit   .   G - +0 acid dragon scales
rPois   .          Reflect  +   k - +2 hat {Will+}
rElec   .          Harm     .   (no cloak)
rCorr   +          Rampage  .   (gloves unavailable)
Will    ++...                   (boots unavailable)
Stlth   +.........              m - amulet of reflection
HPRegen 1.13/turn               i - ring of protection from fire
MPRegen 0.15/turn               u - ring of positive energy

@: no status effects
A: large, unfitting armour, claws 3, regeneration 1, shaggy fur 1, tough skin 1
a: Renounce Religion, Minor Destruction, Lesser Servant of Makhleb, Major
Destruction, Greater Servant of Makhleb


You were on level 12 of the Dungeon.
You worshipped Makhleb.
Makhleb was exalted by your worship.
You visited 4 branches of the dungeon, and saw 22 of its levels.

You collected 1432 gold pieces.
You spent 266 gold pieces at shops.

Inventory:

Hand Weapons
 B - the +6 flail of Responsibility {vorpal, rF+ Dex+3}
   (You found it on level 8 of the Dungeon)

   It inflicts extra damage upon your enemies.
   Dex:       It affects your dexterity (+3).
   rF:        It protects you from fire.
Missiles
 r - 30 poisoned darts
 v - 2 large rocks
 F - 3 javelins
 I - 5 curare-tipped darts
Armour
 b - a +0 kite shield (worn)
 k - a +2 hat of willpower (worn)
 x - a +0 robe of willpower
 G - +0 acid dragon scales (worn)
 H - the +0 hat of Eternal Night {+Blink rF+ rC++ SInv}
   (You bought it in a shop on level 9 of the Dungeon)

   rF:        It protects you from fire.
   rC:        It greatly protects you from cold.
   SInv:      It lets you see invisible.
   +Blink:    It lets you blink.
Jewellery
 i - a ring of protection from fire (left claw)
 j - an amulet of faith
 m - an amulet of reflection (around neck)
 u - a ring of positive energy (right claw)
 J - a ring of positive energy
 N - the ring of Capurer {Fire rCorr Dex+4 Stlth-}
   (You found it on level 5 of the Lair of Beasts)

   [ring of fire]

   It enhances your fire magic.
   Dex:       It affects your dexterity (+4).
   rF:        It protects you from fire.
   rC:        It makes you vulnerable to cold.
   rCorr:     It protects you from acid and corrosion.
   Stlth:     It makes you less stealthy.
Wands
 z - a wand of charming (11)
 C - a wand of mindburst (11)
 D - a wand of polymorph (8)
 K - a wand of flame (9)
Scrolls
 c - 2 scrolls of fog
 d - a scroll of amnesia
 e - 5 scrolls of enchant weapon
 o - 4 scrolls of immolation
 s - a scroll of identify
 y - a scroll of enchant armour
 A - 2 scrolls of brand weapon
Potions
 a - 6 potions of flight
 f - 2 potions of ambrosia
 g - a potion of curing
 h - 6 potions of mutation
 l - 2 potions of heal wounds
 n - a potion of degeneration {unknown}
 p - 2 potions of haste
 t - 5 potions of cancellation
 w - 3 potions of lignification
 E - 2 potions of attraction {unknown}
 L - a potion of resistance {unknown}
Miscellaneous
 q - a lightning rod (1/4)
 M - a phial of floods (inert)


   Skills:
 + Level 10.0 Fighting
 - Level 7.0 Throwing
 + Level 6.4 Armour
 + Level 10.0 Dodging
 - Level 10.0 Shields
 + Level 13.7 Unarmed Combat
 - Level 5.0 Invocations


You had 13 spell levels left.
You didn't know any spells.
Your spell library contained the following spells:

 Spells                   Type           Power      Damage    Failure   Level
 Foxfire                  Conj/Fire      0%         2x1d4     77%         1
 Pain                     Necr           0%         1d4       77%         1
 Slow                     Hex            0%         N/A       77%         1
 Blink                    Tloc           0%         N/A       88%         2
 Corpse Rot               Necr/Air       0%         N/A       88%         2
 Poisonous Vapours        Pois/Air       0%         N/A       88%         2
 Static Discharge         Conj/Air       0%         N/A       88%         2
 Confusing Touch          Hex            0%         N/A       98%         3
 Conjure Flame            Conj/Fire      0%         6-21      98%         3
 Dazzling Flash           Conj/Hex       0%         N/A       98%         3
 Inner Flame              Hex/Fire       0%         N/A       98%         3
 Lesser Beckoning         Tloc           0%         N/A       98%         3
 Vampiric Draining        Necr           0%         2d6       98%         3
 Dispel Undead            Necr           0%         3d6       100%        4
 Flame Wave               Conj/Fire      0%         2d4       100%        4
 Hailstorm                Conj/Ice       0%         3d3       100%        4
 Ice Form                 Ice/Tmut       0%         N/A       100%        4
 Petrify                  Tmut/Erth      0%         N/A       100%        4
 Sticky Flame             Conj/Fire      0%         2d3       100%        4
 Summon Ice Beast         Ice/Summ       0%         N/A       100%        4
 Agony                    Necr           0%         N/A       100%        5
 Blade Hands              Tmut           0%         N/A       100%        5
 Excruciating Wounds      Necr           0%         N/A       100%        5
 Irradiate                Conj/Tmut      0%         3d13      100%        5
 Manifold Assault         Tloc           0%         N/A       100%        5
 Metabolic Englaciation   Hex/Ice        0%         N/A       100%        5
 Silence                  Hex/Air        0%         N/A       100%        5
 Summon Mana Viper        Hex/Summ       0%         N/A       100%        5
 Yara's Violent Unravell  Hex/Tmut       0%         3d3       100%        5
 Simulacrum               Ice/Necr       0%         N/A       100%        6
 Statue Form              Tmut/Erth      0%         N/A       100%        6
 Dragon Form              Tmut           0%         N/A       100%        7
 Enfeeble                 Hex            0%         N/A       100%        7
 Monstrous Menagerie      Summ           0%         N/A       100%        7


Dungeon Overview and Level Annotations

Branches:
Dungeon (13/15)            Temple (0/1) D:6            Lair (6/6) D:11
  Snake (1/4) Lair:3        Slime (0/5) Lair:6          Orc (2/2) D:9
 Vaults (0/5) D:13
  Swamp: Lair:2-4    Shoals: Lair:2-4       Elf: Orc:2

Altars:
Dithmenos
Fedhas
Makhleb
Okawaru
Qazlal
Wu Jian
Yredelemnul
Beogh
Jiyva

Shops:
D:9 [

Annotations:
D:13 Rupert
Lair:5 exclusion: 4 oklob plants
Snake:1 Frances
Orc:2 Jorgrun


Innate Abilities, Weirdness & Mutations

You are too large for most types of armour.
You have claws for hands.
Your natural rate of healing is unusually fast.
You are covered in fur. (AC +1)
You have tough skin. (AC +1)


Message History

There is a stone staircase leading up, spattered with blood here.
The very large slime creature hits you!!!
A large slime creature splits.
You climb upwards.
There is a stone staircase leading down, spattered with blood here.
You scratch the slime creature but do no damage.
The slime creature is lightly wounded.
You mangle the slime creature!!
The slime creature is heavily wounded.
A very large slime creature splits.
Two slime creatures merge to form a large slime creature.
You scratch the large slime creature.
The large slime creature is moderately wounded.
A large slime creature splits.
You block the large slime creature's attack.
You scratch the large slime creature.
The large slime creature is moderately wounded.
Two slime creatures merge to form a very large slime creature.
You mangle the very large slime creature!!
The very large slime creature is moderately wounded.
Two slime creatures merge to form an enormous slime creature.
You scratch the enormous slime creature.
The enormous slime creature is moderately wounded.
Two slime creatures merge to form a titanic slime creature.
You mangle the titanic slime creature!!
The titanic slime creature is moderately wounded.
You mangle the titanic slime creature!!
The titanic slime creature is heavily wounded.
You block the titanic slime creature's attack.
You scratch the titanic slime creature but do no damage.
The titanic slime creature is heavily wounded.
The titanic slime creature hits you!!
You mangle the titanic slime creature!!
The titanic slime creature is severely wounded.
You block the titanic slime creature's attack.
You mangle the titanic slime creature!!
The titanic slime creature is severely wounded.
The titanic slime creature hits you!!!!
Ouch! That really hurt!
You die...

#..[..#.....# ############
#.###.#.###.# ##
#..........#####...#...#...#####.
#.....(....'...#.#.#####.####..'.
#.........[###.#.#.#.......'..##.
#..........# #.#.#.#.###########.
#<.........# #.))#.#.....#.# ##
#..........# ###J#.#######.#
#..........# #@#.........#
######'##### ##########'## #...#
#........# #.### ##.########
##.###### #####.........# ##
#.......# #.............# #.
#.......###.###.........# ####.
#.......#...# #......<..###..'.
#.....<...### #.............##.


You could see a titanic slime creature.

Vanquished Creatures
  Gastronok (Lair:2)
  A boulder beetle (Lair:6)
  6 hydras
  A naga warrior (Snake:1)
  A catoblepas (Lair:5)
  2 two-headed ogres
  9 death yaks (Lair:6)
  An orc high priest (Orc:1)
  Urug (D:11)
  A shock serpent (Snake:1)
  An orc knight (D:12)
  An ugly thing (D:12)
  A mana viper (Snake:1)
  An orc sorcerer (D:9)
  A salamander (Snake:1)
  A cyclops (D:11)
  5 manticores
  4 elephants
  15 black mambas
  A merfolk siren (Lair:4)
  A torpor snail (Lair:4)
  3 rime drakes
  A naga mage (Snake:1)
  2 unseen horrors
  20 cane toads
  2 gargoyles (D:12)
  2 kobold demonologists
  A tengu conjurer (D:12)
  5 komodo dragons
  3 trolls
  4 tyrant leeches (Lair:6)
  4 polar bears
  22 blink frogs
  4 slime creatures
  2 shadows
  2 wraiths
  53 yaks
  Grum (D:10)
  9 wyverns
  10 vampire mosquitoes
  3 basilisks
  A steam dragon (D:6)
  3 acid dragons
  19 water moccasins
  2 black bears
  10 orc warriors
  2 ice beasts
  A sky beast (D:6)
  5 ogres
  9 centaurs
  10 wolves
  A phantom (D:4)
  4 kobold brigands
  26 bullfrogs
  2 scorpions
  A gnoll sergeant (D:12)
  A necrophage (D:5)
  9 wights
  7 killer bees
  4 howler monkeys
  3 electric eels
  3 hounds (D:5)
  2 jellies
  3 gnoll shamans
  5 orc priests
  3 orc wizards
  2 iguanas
  20 gnolls
  6 adders
  A shadow imp (D:4)
  4 ufetubi
  2 worms
  A dart slug (D:4)
  36 orcs
  5 bats (D:1)
  2 endoplasms (D:1)
  6 goblins
  8 hobgoblins
  5 quokkas
  10 ball pythons
  2 frilled lizards
  9 kobolds
  7 rats
  A butterfly (Lair:5)
472 creatures vanquished.

Vanquished Creatures (collateral kills)
  Erolcha (D:11)
  A boulder beetle (D:7)
  Erica (D:8)
  Sonja (D:11)
  A yak (D:10)
  An ogre (D:7)
  A gnoll sergeant (D:7)
  3 killer bees (D:11)
  3 gnolls (D:7)
13 creatures vanquished.

Vanquished Creatures (others)
  33 fungi
  126 plants
159 creatures vanquished.

Grand Total: 644 creatures vanquished

Notes
Turn   | Place    | Note
-------+----------+-------------------------------------------
     0 | D:1      | diecastcamel the Troll Fighter began the quest for the Orb.
     0 | D:1      | Reached XP level 1. HP: 22/22 MP: 0/0
   194 | D:1      | Reached XP level 2. HP: 29/29 MP: 1/1
   285 | D:1      | Reached skill level 3 in Unarmed Combat
   869 | D:2      | Reached XP level 3. HP: 36/36 MP: 2/2
  1046 | D:2      | Found a faded altar of an unknown god.
  1228 | D:2      | You fall into a shaft and drop 2 floors!
  1231 | D:4      | Reached skill level 4 in Unarmed Combat
  1274 | D:4      | Noticed a bullfrog
  1285 | D:4      | Killed a bullfrog
  1286 | D:4      | Reached skill level 5 in Unarmed Combat
  1286 | D:4      | Reached XP level 4. HP: 19/44 MP: 3/3
  1410 | D:4      | Found a shadowy altar of Dithmenos.
  1448 | D:3      | Reached XP level 5. HP: 44/50 MP: 4/4
  2054 | D:3      | Found an iron altar of Okawaru.
  2209 | D:3      | Reached skill level 6 in Unarmed Combat
  2647 | D:3      | Reached XP level 6. HP: 59/59 MP: 5/5
  2688 | D:3      | Found a burning altar of Makhleb.
  2698 | D:3      | Became a worshipper of Makhleb the Destroyer
  3428 | D:5      | Entered Level 5 of the Dungeon
  3453 | D:5      | Reached skill level 7 in Unarmed Combat
  3710 | D:5      | Reached XP level 7. HP: 62/66 MP: 6/6
  3773 | D:5      | Reached skill level 8 in Unarmed Combat
  3962 | D:5      | Reached * piety under Makhleb
  3974 | D:5      | Reached skill level 1 in Throwing
  4503 | D:6      | Reached XP level 8. HP: 60/75 MP: 7/7
  4560 | D:6      | Found a basalt altar of Yredelemnul.
  4923 | D:6      | Found a staircase to the Ecumenical Temple.
  5563 | D:7      | Noticed a boulder beetle
  5636 | D:7      | Reached XP level 9. HP: 84/84 MP: 8/8
  5665 | D:7      | Reached skill level 9 in Unarmed Combat
  5814 | D:7      | Killed a boulder beetle
  5814 | D:7      | Reached ** piety under Makhleb
  6069 | D:8      | Noticed Erica
  6078 | D:8      | Killed Erica
  6162 | D:8      | Reached skill level 5 in Fighting
  6162 | D:8      | Reached skill level 5 in Dodging
  6162 | D:8      | Reached skill level 5 in Shields
  6365 | D:8      | Found a blossoming altar of Fedhas.
  6396 | D:8      | Identified the +9 war axe "Doakh" {venom, Str+3 Stlth+}
  6423 | D:8      | Reached XP level 10. HP: 84/96 MP: 9/9
  6641 | D:8      | Identified the +6 flail of Responsibility {vorpal, rF+
                  | Dex+3}
  6661 | D:8      | Reached skill level 5 in Throwing
  7098 | D:9      | Found Diacw's Antique Armour Boutique.
  7102 | D:9      | Bought a translucent hat for 189 gold pieces
  7102 | D:9      | Identified the +0 hat of Eternal Night {+Blink rF+ rC++
                  | SInv} (You bought it in a shop on level 9 of the Dungeon)
  7111 | D:9      | Bought an embroidered robe for 77 gold pieces
  7144 | D:9      | Reached skill level 10 in Unarmed Combat
  7298 | D:9      | Found a staircase to the Orcish Mines.
  7741 | D:9      | Found an ornate altar of the Wu Jian Council.
  7841 | D:10     | Entered Level 10 of the Dungeon
  8062 | D:10     | Noticed Grum
  8494 | D:10     | Killed Grum
  8522 | D:10     | Reached XP level 11. HP: 59/105 MP: 10/10
  8732 | D:10     | Reached *** piety under Makhleb
  8784 | D:10     | Noticed a two-headed ogre
  9361 | D:10     | Noticed a four-headed hydra
  9694 | D:10     | Killed a four-headed hydra
  9695 | D:10     | Reached skill level 1 in Armour
  9695 | D:10     | Reached skill level 11 in Unarmed Combat
 10027 | D:11     | Found a stormy altar of Qazlal.
 10129 | D:11     | Noticed Urug
 10173 | D:11     | Killed Urug
 10333 | D:11     | Found a staircase to the Lair.
 10361 | D:11     | Reached **** piety under Makhleb
 10396 | D:11     | Noticed Sonja
 10437 | D:11     | Noticed Erolcha
 10447 | D:11     | Killed Erolcha
 10461 | D:11     | Killed Sonja
 10684 | D:11     | Noticed a two-headed ogre
 10712 | D:11     | Killed a two-headed ogre
 10713 | D:11     | Reached XP level 12. HP: 69/118 MP: 11/11
 11018 | Lair:1   | Entered Level 1 of the Lair of Beasts
 11975 | Lair:1   | Reached ***** piety under Makhleb
 12639 | Lair:2   | Noticed a four-headed hydra
 12717 | Lair:2   | Killed a four-headed hydra
 12935 | Lair:2   | Noticed a four-headed hydra
 12939 | Lair:2   | Killed a four-headed hydra
 12940 | Lair:2   | Reached skill level 12 in Unarmed Combat
 13485 | Lair:2   | Noticed Gastronok
 13549 | Lair:2   | Upgraded the game from 0.29-a0-360-g8ed1089bbe to
                  | 0.29-a0-362-g5854e031c7
 13994 | Lair:3   | Reached skill level 1 in Invocations
 14361 | Lair:3   | Found a staircase to the Snake Pit.
 14394 | Lair:3   | Reached XP level 13. HP: 110/127 MP: 12/12
 15304 | Lair:4   | Reached skill level 5 in Armour
 15790 | Lair:5   | Identified the +4 long sword "Beastbane" {antimagic, Will+
                  | rCorr Dex+5 SInv}
 17029 | Lair:5   | Identified the ring of Capurer {Fire rCorr Dex+4 Stlth-}
 17392 | Lair:6   | Entered Level 6 of the Lair of Beasts
 17727 | Orc:1    | Entered Level 1 of the Orcish Mines
 18088 | Orc:2    | Entered Level 2 of the Orcish Mines
 18089 | Orc:2    | Noticed Jorgrun
 18242 | Snake:1  | Entered Level 1 of the Snake Pit
 18640 | Snake:1  | Noticed Frances
 19309 | Lair:6   | Identified the +5 spear of Vanity {vorpal, rN++ Int+4 Dex+3
                  | SInv}
 19468 | Lair:5   | Reached XP level 14. HP: 140/140 MP: 16/16
 19567 | Lair:6   | Reached skill level 13 in Unarmed Combat
 20006 | Lair:6   | Found a viscous altar of Jiyva.
 20057 | Lair:6   | Reached skill level 5 in Invocations
 20064 | Lair:6   | Found a staircase to the Slime Pits.
 20996 | Lair:2   | Killed Gastronok
 21909 | D:12     | Reached ****** piety under Makhleb
 22012 | D:12     | Reached skill level 10 in Dodging
 22018 | D:12     | Reached skill level 10 in Fighting
 22315 | D:13     | Noticed Rupert
 22315 | D:13     | Found a gate to the Vaults.
 22606 | D:12     | Reached skill level 10 in Shields
 22764 | D:12     | Demolished by a titanic slime creature

Illustrated notes

Levels and vault maps discovered:
D:1:      grunt_arrival_crossed_arrows, layout_loops_cross, serial_park_tiny_2,
          lemuel_old_faithful
D:2:      layout_loops_ring, dreamdust_ecumenical_altar_hidden_monk_grotto,
          serial_aquarium, aquarium_bridge_square [aquarium_subvault_bridge,
          aquarium_subvault_wall, aquarium_subvault_balcony,
          aquarium_subvault_bridge], aquarium_window_1, aquarium_window_corner,
          aquarium_view_2c, aquarium_view_2c, aquarium_balcony_1a,
          aquarium_pool_2
D:3:      layout_loops_ring, okawaru_metal_pillars_3, lightli_temple_of_fire
D:4:      layout_loops_ring, mainiacjoe_overflow_catwalk
D:5:      layout_basic
D:6:      layout_loops_cross, mainiacjoe_overflow_24_doors,
          minmay_temple_entry_glassed_door
D:7:      layout_rooms
D:8:      layout_gridville, fedhas_ov_isle_minmay, uniq_erica
D:9:      layout_basic, nzn_wu_jian_council_hall, orc_0_dummy, serial_shops,
          shop
D:10:     minmay_bubble_buster, layout_irregular_city, uniq_grum
D:11:     layout_loops_cross, lair_entry_dummy,
          nicolae_qazlal_scattered_showers, uniq_erolcha, uniq_urug, uniq_sonja
D:12:     layout_roguey [special_room_orc], minmay_hedge_maze
D:13:     layout_loops_ring, david_vaults_3
Lair:1:   layout_cave_pods, wad_woods_river_01, infiniplex_staircase_pool
Lair:2:   layout_layer_cave, uniq_gastronok
Lair:3:   layout_misc_corridors, minmay_snake_entry_six_corridors
Lair:4:   layout_loops_ring, minmay_shoals_entry_lonely_mermaid,
          grunt_forest_small_clearing_treed
Lair:5:   minmay_lair_oklob_chamber, layout_small_grid, minivault_25,
          minivault_23, grunt_megastairs_3, lemuel_fruit_fields, uniq_rupert
Lair:6:   minmay_lair_end_frog_pond, layout_gridlike, slime_altar_1
Snake:1:  layout_basic, nicolae_shop_sticking_my_neck_out, serial_bayou_shore_b,
          uniq_nikola, uniq_frances
Orc:1:    layout_diamond_mine
Orc:2:    st_orc_pillars, layout_caves, uniq_donald, uniq_jorgrun

Skill      XL: |  1  2  3  4  5  6  7  8  9 10 11 12 13 14 |
---------------+-------------------------------------------+-----
Unarmed Combat | 3 5 6 7 8 9 10 11 12 13 | 13.7
Throwing       | 1 3 4 6 7 |  7.0
Fighting       | 3 4 5 6 7 8 9 10 | 10.0
Dodging        | 3 4 5 6 7 8 9 10 | 10.0
Shields        | 3 4 5 6 7 8 9 10 | 10.0
Armour         | 2 4 6 |  6.4
Invocations    | 1 4 5 |  5.0

Action                   |  1- 3 |  4- 6 |  7- 9 | 10-12 | 13-15 || total
-------------------------+-------+-------+-------+-------+-------++-------
Melee: Unarmed           |    91 |   141 |   183 |   581 |   752 ||  1748
       Flail             |       |       |       |    10 |    30 ||    40
Throw: Dart              |       |       |    16 |    12 |       ||    28
       Large rock        |       |       |     3 |     6 |     1 ||    10
       Stone             |       |       |       |     2 |       ||     2
       Javelin           |       |       |       |     8 |     1 ||     9
Invok: Minor Destruction |       |       |       |    15 |   305 ||   320
       Lesser Servant of |       |       |       |       |     4 ||     4
Evoke: Wand              |       |       |       |    20 |     2 ||    22
       Phial of floods   |       |       |       |       |     2 ||     2
       Lightning rod     |       |       |       |       |     4 ||     4
  Use: Scroll            |     1 |     4 |     6 |    16 |    12 ||    39
       Potion            |     1 |       |     2 |     4 |     8 ||    15
Armor: Robe              |    24 |    30 |    33 |    17 |     1 ||   105
       Acid dragon scale |       |       |       |    76 |   131 ||   207
       Skin              |       |       |       |       |    15 ||    15
Dodge: Dodged            |    33 |    37 |    80 |   241 |   316 ||   707
Block: Kite shield       |    31 |    50 |    65 |   239 |   440 ||   825
       Reflection        |       |       |       |       |    11 ||    11

Table legend: (Time is in decaauts)
 A = Elapsed time spent in this place.
 B = Non-inter-level travel time spent in this place.
 C = Inter-level travel time spent in this place.
 D = Time resting spent in this place.
 E = Time spent auto-exploring this place.
 F = Levels seen in this place.
 G = Mean time per level.
                   A        B        C        D        E       F      G
               +--------+--------+--------+--------+--------+-----+--------+
         Total |  22789 |  20624 |   2165 |   3225 |  10722 |  22 | 1035.9 |
       Dungeon |  12827 |  11494 |   1333 |   1135 |   6525 |  13 |  986.7 |
          Lair |   9289 |   8486 |    803 |   1957 |   3941 |   6 | 1548.2 |
     Snake Pit |    436 |    436 |      0 |     94 |    160 |   1 |  436.0 |
  Orcish Mines |    235 |    207 |     28 |     38 |     96 |   2 |  117.5 |
               +--------+--------+--------+--------+--------+-----+--------+

Top non-repeatable levels by time:
  Lair:5: 2482 daAuts
  Lair:2: 1907 daAuts
     D:9: 1696 daAuts
    D:10: 1663 daAuts
  Lair:6: 1399 daAuts
  Lair:1: 1309 daAuts
  Lair:3: 1216 daAuts
     D:3: 1109 daAuts
    D:11: 1092 daAuts
    D:12: 1074 daAuts
  Lair:4: 974 daAuts
     D:8: 967 daAuts
     D:6: 955 daAuts
     D:5: 919 daAuts
     D:2: 892 daAuts
